cohdb
Replays
Latest Replays
All Replays
Popular Replays
Top Player Replays
Match Explorer
How It Works
Community
CoH3 Stats
Reddit
Sign in to upload your games and track your stats! →
Sign in with Steam
Match 45942186
Unlisted
Match 45942186
Overview
Messages
Build Orders
End
Kettenkrad Recon Vehicle
Construct Infanterie Kompanie
Selects Breakthrough Battlegroup
MG 42 Machine Gun Team
Grenadier Squad
MG 42 Machine Gun Team
Construct Luftwaffe Kompanie
Selects Rapid Production
221 Scout Car
Flak 30 Anti-aircraft Gun Team
Selects Assault Grenadiers
Selects Breakthrough
Medical Station
Selects Mechanized Assault Group
Jäger Squad
Jäger Squad
Construct Panzer Kompanie
Panzer IV Medium Tank
Panzer IV Medium Tank
Repair Bunker
Selects Blitzkrieg
Panzer IV Medium Tank
Blitzkrieg
Panzer IV Medium Tank
Angrybirds
Xufe
Basecoh3 @ Youtube
不吃香菜
0
0
Comments
sign in to comment!
No comments posted yet!